 Dungeon Crawl Stone Soup version 0.27-a0-1193-g8631133539 (webtiles) character file.

Game seed: 3692104525410729285

9661 robertstho the Cleaver (level 11, -7/138 (142) HPs)
             Began as a Grey Draconian Berserker on May 26, 2021.
             Was an Elder of Trog.
             Mangled by a fire elemental (12 damage)
             ... summoned by a deep elf pyromancer
             ... on level 9 of the Dungeon.
             The game lasted 00:10:40 (8156 turns).

robertstho the Cleaver (Grey Draconian Berserker)   Turns: 8156, Time: 00:10:41

HP:   -7/138 (142)  AC: 20    Str: 23    XL:     11   Next: 26%
MP:   11/11         EV: 14    Int:  7    God:    Trog [****..]
Gold: 220           SH:  0    Dex: 11    Spells: 10/10 levels left

rFire    . . .     SeeInvis .   t - +1 bardiche (protect)
rCold    . . .     Faith    .   (shield currently unavailable)
rNeg     . . .     Spirit   .   (armour unavailable)
rPois    +         Reflect  .   (helmet restricted)
rElec    .         Harm     .   (no cloak)
rCorr    .         Rampage  .   s - +0 pair of gloves
Will     .....                  (no boots)
Stlth    ..........             u - amulet of the acrobat
HPRegen  0.33/turn              c - ring of poison resistance
MPRegen  0.12/turn              i - +4 ring of slaying

@: berserking (expiring), under a protective aura, studying Unarmed Combat,
lightly drained, very quick
A: AC +12, amphibious, unfitting armour, cold-blooded
a: Renounce Religion, Berserk, Trog's Hand, Brothers in Arms


You were on level 9 of the Dungeon.
You worshipped Trog.
Trog was greatly pleased with you.
You visited 1 branch of the dungeon, and saw 9 of its levels.

You collected 407 gold pieces.
You spent 187 gold pieces at shops.

Inventory:

Hand Weapons
 a - a +0 hand axe
 t - a +1 bardiche of protection (weapon)
 E - a +5 battleaxe
Missiles
 n - 2 boomerangs of dispersal
 D - a curare-tipped dart
 H - 12 atropa-tipped darts
Armour
 s - a +0 pair of gloves (worn)
 B - a +0 buckler
Jewellery
 c - a ring of poison resistance (left hand)
 i - a +4 ring of slaying (right hand)
 u - an amulet of the acrobat (around neck)
 v - a +6 ring of dexterity
 y - a ring of magical power
 F - a ring of resist corrosion
Wands
 A - a wand of polymorph (9)
 L - a wand of flame (1)
Scrolls
 e - a scroll of vulnerability {unknown}
 f - a scroll of torment {unknown}
 g - a scroll of teleportation
 h - 2 scrolls of enchant armour {unknown}
 k - a scroll of acquirement {unknown}
 m - 4 scrolls of noise {unknown}
 o - 2 scrolls of fog
 p - 6 scrolls of magic mapping
 w - 2 scrolls of fear
 C - a scroll of brand weapon {unknown}
 G - a scroll of enchant weapon {unknown}
 J - a scroll of identify
Potions
 b - a potion of might
 d - 4 potions of curing
 j - 3 potions of ambrosia
 l - 3 potions of lignification {unknown}
 q - a potion of invisibility
 r - 2 potions of attraction
 x - 2 potions of flight {unknown}
 z - a potion of cancellation
 I - a potion of mutation {unknown}
 K - 2 potions of haste {unknown}


   Skills:
 + Level 8.4 Fighting
 + Level 12.7(13.1) Axes
 + Level 4.9(9.7) Polearms
 + Level 6.9 Dodging
 + Level 5.3 Stealth


You had 10 spell levels left.
You didn't know any spells.
Your spell library was empty.

Dungeon Overview and Level Annotations

Branches:
Dungeon (9/15)             Temple (0/1) D:5
   Lair: D:8-11         Orc: D:9-12

Altars:
Cheibriados
Gozag
Makhleb
Nemelex Xobeh
Qazlal
Sif Muna
Trog
Vehumet
Wu Jian
Yredelemnul
The Shining One

Shops:
D:2 !   D:6 ?

Annotations:
D:9 4 runed translucent doors, exclusion: orange crystal statue


Innate Abilities, Weirdness & Mutations

Your dull iron-grey scales are very hard. (AC +12)
You are amphibious.
You cannot fit into any form of body armour.
You are cold-blooded and may be slowed by cold attacks.


Message History

The fire elemental burns you! The fire elemental hits you.
The fire elemental burns you!
* * * LOW HITPOINT WARNING * * *
The two-headed ogre is engulfed in blazing flames.
The fire elemental closely misses you. The fire elemental hits you.
The fire elemental burns you!
* * * LOW HITPOINT WARNING * * *
You slice the fire elemental!!
Your weapon exudes an aura of protection.
You destroy the fire elemental!
The deep elf pyromancer mumbles some strange words.
The fire elemental closely misses you.
The two-headed ogre is engulfed in blazing flames.
You slice the two-headed ogre!!
You kill the two-headed ogre!
Trog accepts your kill. The fire elemental hits you.
The fire elemental burns you!
* * * LOW HITPOINT WARNING * * *
Unknown command.
The fire elemental closely misses you.
Items here: ))) [ †.
You feel a strong urge to attack something.
There is an open door, spattered with blood here.
You slice the fire elemental!! You tail-slap the fire elemental!
You feel the power of Trog in you as your rage grows.
You destroy the fire elemental!
The fire elemental hits you. The fire elemental burns you!
* * * LOW HITPOINT WARNING * * *
The deep elf pyromancer gestures at you while chanting.
The sticky flame misses you.
You closely miss the deep elf pyromancer.
Your tail-slap misses the deep elf pyromancer.
The deep elf pyromancer is lightly wounded.
The fire elemental hits you. The fire elemental burns you!
* * * LOW HITPOINT WARNING * * *
The fire elemental hits you. The fire elemental burns you!
* * * LOW HITPOINT WARNING * * *
The deep elf pyromancer misses you. The fire elemental hits you.
The fire elemental burns you!
You die...

########### ###.........#
####.....#####.#
.....#.#.#####.#
...............# ######
#######........######
#..... #
#...........°.########.....
#
#.......###E#☼..........###
# ###
#.....###e@##..#######.†# .
###.###...###.○E###..#
#..#.# ##...[..###c.°#.#
#..# #..#..
.....####...#☼#.# #..#
#..+.. ...###O...#.#.#.#
#.## ###..#..
.####o###...#.#.# #.#
#....#.# ## #)## ###...#.#
#.# #.##.# . ####'##
###...###.## #.##.###


#cEEF## ###..##..## #.##.... You could see a deep elf pyromancer, 2 fire
elementals and a centaur.

Vanquished Creatures
  5 two-headed ogres (D:9)
  A boulder beetle (D:9)
  An ugly thing (D:9)
  A shadow (D:8)
  5 yaks
  A wraith (D:9)
  Eustachio (D:6)
  2 steam dragons (D:9)
  2 water moccasins
  Menkaure (D:4)
  An orc warrior (D:6)
  An ice beast (D:5)
  A sky beast (D:8)
  3 necrophages
  2 centaurs
  An ogre (D:6)
  3 kobold brigands
  4 bullfrogs
  Blork the orc (D:6)
  3 scorpions
  2 gnoll sergeants
  A wyvern zombie (D:8)
  A water moccasin skeleton (D:4)
  14 wights
  4 howler monkeys
  2 centaur zombies
  A crimson imp (D:9)
  3 orc priests
  A gnoll shaman (D:8)
  A centaur skeleton (D:6)
  Jessica (D:2)
  An iguana (D:7)
  4 orc wizards
  A killer bee zombie (D:8)
  2 hound skeletons (D:5)
  3 howler monkey zombies
  19 gnolls
  A howler monkey skeleton (D:4)
  4 adders
  2 white imps
  An ufetubus (D:4)
  An adder skeleton (D:4)
  2 worms
  5 dart slugs
  12 orcs
  3 bats (D:1)
  5 endoplasms
  4 giant cockroaches
  3 goblins
  13 hobgoblins
  6 jackals
  23 kobolds
  3 quokkas
  7 ball pythons
  2 frilled lizards
  5 rats
203 creatures vanquished.

Vanquished Creatures (collateral kills)
  2 tengu warriors (D:9)
  A troll (D:9)
  An acid dragon (D:9)
4 creatures vanquished.

Grand Total: 207 creatures vanquished

Notes
Turn   | Place    | Note
-------+----------+-------------------------------------------
     0 | D:1      | robertstho the Draconian Berserker began the quest for the
                  | Orb.
     0 | D:1      | Reached XP level 1. HP: 19/19 MP: 1/1
   152 | D:1      | Reached XP level 2. HP: 23/26 MP: 2/2
   464 | D:1      | Found a faded altar of an unknown god.
   794 | D:1      | Reached ** piety under Trog
   799 | D:1      | Reached XP level 3. HP: 27/31 MP: 3/3
   969 | D:2      | Found Wiwowesch's Distillery.
   978 | D:2      | Bought a potion of curing for 39 gold pieces
  1380 | D:2      | Found a stormy altar of Qazlal.
  1642 | D:2      | Reached skill level 4 in Axes
  1656 | D:2      | Noticed Jessica
  1661 | D:2      | Killed Jessica
  1662 | D:2      | Reached XP level 4. HP: 35/40 MP: 4/4
  1957 | D:3      | Reached XP level 5. HP: 37/46 MP: 5/5
  2201 | D:3      | Reached skill level 1 in Stealth
  2695 | D:4      | Noticed a yak
  2695 | D:4      | Noticed a yak
  2695 | D:4      | Noticed a yak
  2695 | D:4      | Noticed a yak
  2696 | D:4      | Noticed a yak
  2708 | D:4      | Killed a yak
  2709 | D:4      | Reached skill level 5 in Axes
  2709 | D:4      | Reached XP level 6. HP: 52/52 MP: 6/6
  2711 | D:4      | Killed a yak
  2712 | D:4      | Reached skill level 6 in Axes
  2715 | D:4      | Killed a yak
  2716 | D:4      | Your scales start taking on a dull iron-grey colour.
  2716 | D:4      | Reached XP level 7. HP: 57/60 MP: 7/7
  2716 | D:4      | Killed a yak
  2881 | D:4      | Reached *** piety under Trog
  2896 | D:4      | Reached skill level 5 in Fighting
  2896 | D:4      | Reached skill level 7 in Axes
  2985 | D:4      | Noticed Menkaure
  2995 | D:4      | Killed Menkaure
  3042 | D:4      | Reached XP level 8. HP: 37/68 MP: 8/8
  3393 | D:4      | Found a basalt altar of Yredelemnul.
  3593 | D:4      | Found an opulent altar of Gozag.
  3593 | D:4      | Found a bloodstained altar of Trog.
  3594 | D:4      | Found a sparkling altar of Nemelex Xobeh.
  3798 | D:5      | Entered Level 5 of the Dungeon
  3806 | D:5      | Reached skill level 8 in Axes
  3822 | D:5      | Found a staircase to the Ecumenical Temple.
  3981 | D:5      | Found a snail-covered altar of Cheibriados.
  4092 | D:5      | Reached skill level 9 in Axes
  4092 | D:5      | Reached skill level 5 in Dodging
  4510 | D:6      | Reached XP level 9. HP: 75/75 MP: 9/9
  4610 | D:6      | Noticed Blork the orc
  4618 | D:6      | Reached **** piety under Trog
  4621 | D:6      | Killed Blork the orc
  4835 | D:6      | Found Zuytaorch's Magic Scroll Shoppe.
  4844 | D:6      | Bought a scroll of identify for 22 gold pieces
  4844 | D:6      | Bought 3 scrolls of identify for 66 gold pieces
  4844 | D:6      | Bought a scroll of magic mapping for 38 gold pieces
  4844 | D:6      | Bought a scroll of identify for 22 gold pieces
  4900 | D:6      | Noticed Eustachio
  4915 | D:6      | Killed Eustachio
  4987 | D:6      | Found a shimmering blue altar of Sif Muna.
  5239 | D:7      | Reached skill level 10 in Axes
  5596 | D:7      | Found a glowing golden altar of the Shining One.
  5666 | D:7      | Found an ornate altar of the Wu Jian Council.
  6170 | D:8      | Reached skill level 11 in Axes
  6539 | D:8      | Reached XP level 10. HP: 86/86 MP: 10/10
  6786 | D:9      | Reached ***** piety under Trog
  6826 | D:9      | Noticed a two-headed ogre
  6833 | D:9      | Killed a two-headed ogre
  6970 | D:9      | Noticed a tengu warrior
  6973 | D:9      | Reached skill level 12 in Axes
  6974 | D:9      | Noticed a tengu warrior
  6979 | D:9      | Killed a tengu warrior
  6981 | D:9      | Killed a tengu warrior
  7243 | D:9      | Noticed a boulder beetle
  7265 | D:9      | Killed a boulder beetle
  7266 | D:9      | Reached skill level 1 in Polearms
  7331 | D:9      | Found a runed translucent door.
  7331 | D:9      | Noticed a green ugly thing
  7331 | D:9      | Noticed a two-headed ogre
  7332 | D:9      | Found a runed translucent door.
  7332 | D:9      | Noticed a two-headed ogre
  7332 | D:9      | Noticed a two-headed ogre
  7333 | D:9      | Found a runed translucent door.
  7333 | D:9      | Noticed a deep elf pyromancer
  7333 | D:9      | Noticed a two-headed ogre
  7372 | D:9      | Found a runed translucent door.
  7377 | D:9      | Found the +10 tower shield of Ignorance {rN+ Int-4}
  7393 | D:9      | Found a runed translucent door.
  7400 | D:9      | Noticed an orange crystal statue
  7725 | D:9      | Found a radiant altar of Vehumet.
  7725 | D:9      | Found a burning altar of Makhleb.
  7886 | D:9      | Killed a two-headed ogre
  7887 | D:9      | Reached skill level 5 in Stealth
  7893 | D:9      | Killed a green ugly thing
  7894 | D:9      | Reached XP level 11. HP: 94/94 MP: 11/11
  7897 | D:9      | Killed a two-headed ogre
  7901 | D:9      | Killed a two-headed ogre
  8151 | D:9      | Killed a two-headed ogre
  8156 | D:9      | HP: 5/138 [fire elemental[a deep elf pyromancer] (3)]
  8156 | D:9      | Mangled by a fire elemental

Illustrated notes

Levels and vault maps discovered:
D:1:      shiori_arrival_maze, layout_rooms,
          hellmonk_ecumenical_altar_arch_garden, minmay_tetromino_l4
D:2:      layout_basic, basic_altar, serial_shops, shop, uniq_jessica
D:3:      layout_loops_ring, kennysheep_big_empty_room, minmay_misc_feat_iff
D:4:      minmay_inner_zag, layout_cave_pools, gammafunk_temple_overflow_claw,
          marbit_many_paths, columned_hall_lemuel, kennysheep_generic_room_15,
          uniq_menkaure
D:5:      layout_rooms, kennysheep_slug_shrine, temple_doors_e
D:6:      layout_loops_ring, lemuel_blue_sif_altar, serial_shops, shop,
          uniq_eustachio, uniq_blork_the_orc
D:7:      layout_loops_ring, tso_metal_star, nzn_wu_jian_contemplation
D:8:      layout_loops_ring, hangedman_abyss_or_decor_clamps
D:9:      minmay_the_grid_triangle_9x9_rhombus_full
          [minmay_the_grid_triangle_9x9_fully_insulated_deathbox,
          minmay_the_grid_triangle_9x9_semitri,
          minmay_the_grid_triangle_9x9_steps,
          minmay_the_grid_triangle_9x9_cache,
          minmay_the_grid_triangle_9x9_wacky_v,
          minmay_the_grid_triangle_9x9_warning,
          minmay_the_grid_triangle_9x9_stretched_checkered,
          minmay_the_grid_triangle_9x9_prize_top_heavy], layout_loops_ring,
          grunt_temple_overflow_lords_of_destruction,
          chequers_guarded_unrand_ignorance

Skill      XL: |  1  2  3  4  5  6  7  8  9 10 11 |
---------------+----------------------------------+-----
Dodging        | 3 4 5 6 |  6.9
Axes           | 4 5 6 7 9 11 12 | 12.7
Fighting       | 4 5 6 7 8 |  8.4
Stealth        | 1 2 3 4 5 |  5.3
Polearms       | 2 4 |  4.9

Action                   |  1- 3 |  4- 6 |  7- 9 | 10-12 || total
-------------------------+-------+-------+-------+-------++-------
Melee: Hand axe          |   134 |    42 |   125 |       ||   301
       Tailslap          |    18 |     7 |    43 |    18 ||    86
       Battleaxe         |       |       |   132 |    32 ||   164
       Bardiche          |       |       |       |    64 ||    64
Invok: Berserk           |       |     1 |     6 |     4 ||    11
       Brothers in Arms  |       |       |       |     2 ||     2
  Use: Scroll            |       |       |     9 |     1 ||    10
       Potion            |       |       |       |     2 ||     2
 Stab: Sleeping          |     2 |       |     5 |     2 ||     9
       Distracted        |       |       |       |     1 ||     1
Armor: Skin              |    47 |    13 |    99 |    54 ||   213
Dodge: Dodged            |    80 |    34 |   186 |    69 ||   369

Table legend: (Time is in decaauts)
 A = Elapsed time spent in this place.
 B = Non-inter-level travel time spent in this place.
 C = Inter-level travel time spent in this place.
 D = Time resting spent in this place.
 E = Time spent auto-exploring this place.
 F = Levels seen in this place.
 G = Mean time per level.
                   A        B        C        D        E       F      G
               +--------+--------+--------+--------+--------+-----+--------+
         Total |   8305 |   8068 |    237 |    336 |   6461 |   9 |  922.8 |
       Dungeon |   8305 |   8068 |    237 |    336 |   6461 |   9 |  922.8 |
               +--------+--------+--------+--------+--------+-----+--------+

Top non-repeatable levels by time:
     D:9: 1444 daAuts
     D:4: 1021 daAuts
     D:3: 1000 daAuts
     D:1: 979 daAuts
     D:6: 918 daAuts
     D:7: 889 daAuts
     D:2: 835 daAuts
     D:8: 674 daAuts
     D:5: 542 daAuts
